 Dungeon Crawl Stone Soup version 0.28-a0-1143-gcf6077d4cc (webtiles) character file.

Game seed: 1123032910969754593

3852 Daunt the Destroyer (level 9, -16/55 HPs)
             Began as a Deep Elf Fire Elementalist on Dec 13, 2021.
             Was an Initiate of Vehumet.
             Hit by a large rock thrown by a cyclops (39 damage)
             ... on level 7 of the Dungeon.
             The game lasted 00:43:06 (11131 turns).

Daunt the Destroyer (Deep Elf Fire Elementalist)   Turns: 11131, Time: 00:43:07

Health: -16/55     AC:  3    Str:  5    XL:     9   Next: 99%
Magic:  5/21       EV: 13    Int: 29    God:    Vehumet [......]
Gold:   246        SH:  4    Dex: 15    Spells: 11/22 levels left

rFire   . . .      SeeInvis +   G - staff of conjuration
rCold   . . .      Faith    .   D - +0 buckler
rNeg    . . .      Spirit   .   a - +0 robe
rPois   .          Reflect  .   q - +0 helmet
rElec   .          Harm     .   (no cloak)
rCorr   .          Rampage  .   (no gloves)
Will    .....                   (no boots)
Stlth   +++.......              (no amulet)
HPRegen 0.18/turn               M - ring of Wonder {Wiz Int+4}
MPRegen 0.17/turn               E - ring of see invisible

@: no status effects
A: no striking features
a: Renounce Religion


You were on level 7 of the Dungeon.
You worshipped Vehumet.
Vehumet was noncommittal.
You visited 2 branches of the dungeon, and saw 9 of its levels.
You also visited: Ossuary.

You collected 427 gold pieces.
You spent 181 gold pieces at shops.

Inventory:

Hand Weapons
 K - the +6 scimitar "Duscherer" {freeze, rPois rCorr Dex+2}
   (You found it on level 6 of the Dungeon)

   It freezes those it strikes, dealing additional cold damage.
   It can also slow down cold-blooded creatures.
   Dex:       It affects your dexterity (+2).
   rPois:     It protects you from poison.
   rCorr:     It protects you from acid and corrosion.
 O - the +6 dagger of Yzij {vorpal, rC+ rN+}
   (You found it on level 8 of the Dungeon)

   It inflicts extra damage upon your enemies.
   rC:        It protects you from cold.
   rN:        It protects you from negative energy.
Missiles
 e - 8 boomerangs
 j - 201 stones
 l - 6 javelins
 t - 23 poisoned darts
 B - 17 sling bullets
 J - 5 silver boomerangs
Armour
 a - a +0 robe (worn)
 p - a +0 animal skin
 q - a +0 helmet (worn)
 D - a +0 buckler (worn)
Magical Staves
 G - a staff of conjuration (weapon)
Jewellery
 y - a +6 ring of strength
 E - a ring of see invisible (right hand)
 M - the ring of Wonder (left hand) {Wiz Int+4}
   (You acquired it on level 7 of the Dungeon)

   [ring of wizardry]

   It improves your spell success rate.
   Int:       It affects your intelligence (+4).
Wands
 z - a wand of flame (10)
 A - a wand of iceblast (15)
Scrolls
 d - 4 scrolls of immolation
 g - 2 scrolls of blinking {unknown}
 i - a scroll of identify
 m - 5 scrolls of teleportation
 o - a scroll of torment {unknown}
 v - 2 scrolls of magic mapping
 w - 2 scrolls of fear {unknown}
 x - 3 scrolls of fog
 C - a scroll of summoning
 F - a scroll of enchant armour
 N - a scroll of silence {unknown}
Potions
 c - a potion of degeneration {unknown}
 f - 2 potions of flight
 h - a potion of berserk rage
 k - a potion of attraction
 n - 10 potions of curing {unknown}
 r - a potion of lignification {unknown}
 s - 3 potions of might
 u - 3 potions of heal wounds
 H - 3 potions of resistance
 I - a potion of mutation


   Skills:
 + Level 5.7 Fighting
 - Level 5.0 Dodging
 - Level 6.0 Stealth
 + Level 1.4 Shields
 - Level 7.0 Spellcasting
 - Level 8.0 Conjurations
 - Level 3.0 Summonings
 - Level 6.0 Fire Magic
 - Level 4.0 Evocations


You had 11 spell levels left.
You knew the following spells:

 Your Spells              Type           Power      Damage    Failure   Level
a - Scorch                Fire           88%        2d9       1%          2
b - Foxfire               Conj/Fire      100%       2x1d9     1%          1
c - Conjure Flame         Conj/Fire      66%        6-21      1%          3
d - Call Imp              Summ           27%        N/A       1%          2
i - Inner Flame           Hex/Fire       27%        N/A       2%          3

Your spell library contained the following spells:

 Spells                   Type           Power      Damage    Failure   Level
 Magic Dart               Conj           100%       1d8       1%          1
 Flame Wave               Conj/Fire      66%        2d10      1%          4
 Mephitic Cloud           Conj/Pois/Air  38%        N/A       2%          3
 Corpse Rot               Necr/Air       20%        N/A       4%          2
 Dispel Undead            Necr           10%        3d9       26%         4
 Death Channel            Necr           5%         N/A       98%         6


Dungeon Overview and Level Annotations

Branches:
Dungeon (8/15)             Temple (1/1) D:6         Ossuary (visited)
   Lair: D:8-11

Altars:
Ashenzari
Cheibriados
Dithmenos
Elyvilon
Fedhas
Gozag
Kikubaaqudgha
Nemelex Xobeh
Okawaru
Qazlal
Ru
Trog
Vehumet
Xom
Yredelemnul

Shops:
D:1 ?   D:8 [

Annotations:
D:4 lonewolfV2's ghost, amateur MiFi
D:8 Gastronok


Message History

Vehumet accepts your kill.
The yak explodes!
The fiery explosion engulfs your foxfire.
Your foxfire completely resists.
The foxfire hits the yak.
You kill the yak!
Vehumet accepts your kill.
You hear a shout! x4
Your Shields skill increases to level 1!
You feel a surge of power!
You conjure some foxfire!
You feel a surge of power!
You conjure some foxfire!
The foxfire hits the yak.
The yak is heavily wounded.
The foxfire hits the yak.
The yak is heavily wounded.
You feel a surge of power!
You conjure some foxfire!
The foxfire hits the yak!
The yak is severely wounded.
A gnoll opens the door.
A gnoll comes into view. It is wielding a +0 spear. x2
A gnoll comes into view. It is wielding a +0 club.
The foxfire hits the yak but does no damage.
The yak is severely wounded.
The foxfire hits the gnoll.
The gnoll is moderately wounded.
The foxfire hits the gnoll.
The gnoll is severely wounded.
A gnoll comes into view. It is wielding a +0 whip.
You open the door.
There is an open door here.
There is a stone staircase leading up here.
You block the gnoll's attack.
You climb upwards.
There is a stone staircase leading down here.
The cyclops throws a large rock.
The large rock hits you!!
Ouch! That really hurt!
The gnoll barely misses you. The gnoll hits you but does no damage.
There is an open door here.
The cyclops throws a large rock.
The large rock hits you!!!
Ouch! That really hurt!
You die...

#..#.............#.
##.###....>....####
#.# ###.....### ##
#.# ##.♣.## #) #.#
###.....### #.
##.###....>...(###.
#..#..C..........#.
#..'.♣.C.###...♣...
#.@#...### ###...#.
##g##'## ##.##.
#....# #..###
###### #.[# ##.#
#.# #.# #.# #.#


You could see a cyclops and a gnoll.

Vanquished Creatures
  2 centaur zombies
  Grinder (D:6)
  A vampire (D:7)
  3 yaks
  2 water moccasins (D:7)
  A hornet zombie (D:6)
  A sky beast (D:6)
  2 ice beasts
  3 black bears
  3 necrophages
  5 centaurs
  A kobold brigand (D:3)
  An elf zombie (Ossuary)
  2 scorpions (D:6)
  A wyvern skeleton (D:6)
  5 wights (D:5)
  2 bullfrog zombies
  A human zombie (Ossuary)
  A jelly (D:5)
  2 hounds (D:5)
  A bullfrog skeleton (D:6)
  Jessica (D:3)
  A centaur skeleton (D:7)
  3 iguanas
  Ijyb (D:3)
  3 orc wizards
  Robin (D:3)
  A hound skeleton (D:4)
  5 mummies
  A howler monkey zombie (D:7)
  8 adders
  3 gnolls (D:3)
  2 shadow imps
  2 white imps
  An adder skeleton (D:5)
  An adder zombie (Ossuary)
  2 dart slugs
  15 orcs
  8 ball pythons
  5 bats
  6 endoplasms
  2 giant cockroaches
  12 goblins
  10 hobgoblins
  8 kobolds
  3 quokkas
  6 frilled lizards
  A gnoll zombie (Ossuary)
  A goblin zombie (Ossuary)
  A jackal zombie (Ossuary)
  2 kobold zombies
  An orc zombie (D:4)
  3 rats
  5 rat zombies (Ossuary)
166 creatures vanquished.

Vanquished Creatures (others)
  641 foxfires
  5 plants (D:3)
  5 withered plants (D:3)
651 creatures vanquished.

Grand Total: 817 creatures vanquished

Notes
Turn   | Place    | Note
-------+----------+-------------------------------------------
     0 | D:1      | Daunt the Deep Elf Fire Elementalist began the quest for
                  | the Orb.
     0 | D:1      | Reached XP level 1. HP: 10/10 MP: 6/6
   309 | D:1      | Reached skill level 2 in Conjurations
   309 | D:1      | Reached XP level 2. HP: 13/15 MP: 1/8
   315 | D:1      | Learned a level 2 spell: Scorch
   387 | D:1      | Found Vir Zakh's Magic Scroll Shoppe.
  1129 | D:2      | Reached XP level 3. HP: 19/19 MP: 4/9
  1218 | D:2      | Found a faded altar of an unknown god.
  1292 | D:2      | Reached skill level 3 in Conjurations
  2487 | D:3      | Noticed Ijyb
  2545 | D:3      | Noticed Robin
  2559 | D:3      | Killed Robin
  2852 | D:3      | Reached XP level 4. HP: 24/24 MP: 5/10
  2949 | D:3      | Noticed Jessica
  2955 | D:3      | Killed Jessica
  2956 | D:3      | Reached skill level 4 in Conjurations
  3105 | D:3      | Found an ancient bone altar of Kikubaaqudgha.
  3413 | D:3      | Reached XP level 5. HP: 28/28 MP: 4/11
  3658 | D:3      | Found a blossoming altar of Fedhas.
  4110 | D:4      | Noticed a black bear
  4163 | D:4      | Noticed a black bear
  4177 | D:3      | Reached skill level 5 in Conjurations
  4344 | D:4      | Found a sand-covered staircase.
  4354 | D:4      | Killed a black bear
  4355 | D:4      | Reached skill level 5 in Fire Magic
  4355 | D:4      | Reached XP level 6. HP: 32/32 MP: 4/12
  4434 | Ossuary  | Entered an ossuary
  4596 | Ossuary  | Reached skill level 6 in Conjurations
  4891 | D:4      | Found a runed translucent gate.
  4891 | D:4      | Found a runed translucent gate.
  4891 | D:4      | Found a runed translucent gate.
  4892 | D:4      | Noticed lonewolfV2's ghost (amateur MiFi)
  4908 | D:4      | Reached XP level 7. HP: 36/36 MP: 5/13
  5065 | D:4      | Found a bloodstained altar of Trog.
  5119 | D:3      | Killed Ijyb
  5156 | D:3      | Reached skill level 7 in Conjurations
  5206 | D:1      | Bought a scroll of immolation for 38 gold pieces
  5206 | D:1      | Bought a scroll of identify for 22 gold pieces
  5206 | D:1      | Bought a scroll of fog for 22 gold pieces
  5206 | D:1      | Bought a scroll of teleportation for 33 gold pieces
  5206 | D:1      | Bought a scroll of identify for 22 gold pieces
  5206 | D:1      | Bought 2 scrolls of identify for 44 gold pieces
  5980 | D:5      | Entered Level 5 of the Dungeon
  5989 | D:5      | Reached skill level 1 in Fighting
  5989 | D:5      | Reached skill level 1 in Evocations
  6340 | D:5      | Learned a level 3 spell: Conjure Flame
  6344 | D:5      | Learned a level 3 spell: Inner Flame
  6366 | D:5      | Found an opulent altar of Gozag.
  6371 | D:5      | Reached XP level 8. HP: 44/44 MP: 7/14
  6610 | D:5      | Reached skill level 5 in Stealth
  7177 | D:6      | Found a shadowy altar of Dithmenos.
  7186 | D:6      | Noticed Grinder
  7257 | D:6      | Learned a level 2 spell: Call Imp
  7283 | D:6      | Found a staircase to the Ecumenical Temple.
  7294 | D:6      | Identified the +6 scimitar "Duscherer" {freeze, rPois rCorr
                  | Dex+2}
  7309 | D:6      | Reached skill level 5 in Spellcasting
  7309 | D:6      | Reached skill level 1 in Summonings
  7318 | Temple   | Entered the Ecumenical Temple
  7446 | Temple   | Became a worshipper of Vehumet
  7512 | D:6      | Paralysed by Grinder for 6 turns
  7917 | D:6      | Killed Grinder
  7997 | D:6      | Reached XP level 9. HP: 52/52 MP: 13/19
  8752 | D:7      | Noticed a cyclops
  8889 | D:7      | Reached skill level 8 in Conjurations
  9211 | D:7      | Reached skill level 5 in Dodging
  9824 | D:7      | Identified a scroll of acquirement
  9825 | D:7      | Acquired the ring of Wonder {Wiz Int+4}
 10028 | D:7      | Found an iron altar of Okawaru.
 10037 | D:7      | Found a white marble altar of Elyvilon.
 10145 | D:8      | Found Michael's Dragon-Slaying Spoils.
 10243 | D:8      | Identified the +6 dagger of Yzij {vorpal, rC+ rN+}
 10293 | D:8      | Found a sparkling altar of Nemelex Xobeh.
 10376 | D:8      | Noticed Gastronok
 10381 | D:8      | Reached skill level 5 in Fighting
 11105 | D:8      | Reached skill level 1 in Shields
 11131 | D:7      | Hit by a large rock thrown by a cyclops

Illustrated notes

Levels and vault maps discovered:
D:1:      minmay_arrival_four_loops, layout_basic, serial_shops,
          nicolae_shop_behind_doors, minmay_tromino_i2
D:2:      layout_loops_corners, shapermc_ecumenical_altar_flowoftime,
          hangedman_decor_lopped
D:3:      layout_loops_ring, kiku_gazebo_garden_becter, fedhas_ov_isle_minmay,
          kennysheep_cross_room, uniq_ijyb, uniq_robin, uniq_jessica
D:4:      layout_loops_ring, kennysheep_mini_moat,
          gammafunk_ghost_nasty_kobolds, nicolae_ossuary_entry_giza
D:5:      layout_gridville, lemuel_round_altar, kb_lookout_dungeons_type
D:6:      layout_gridville, nicolae_dithmenos_the_darkroom,
          minmay_temple_entry_trees, minmay_door_square, uniq_grinder
D:7:      layout_rooms, mainiacjoe_overflow_swirl, grunt_ministairs_13
D:8:      nicolae_cairo_tiling_very_big, layout_cave_pools, lemuel_round_altar,
          chequers_arboretum, nicolae_shop_dragon_depot, uniq_gastronok
Temple:   minmay_temple_curvy_branch

Skill      XL: |  1  2  3  4  5  6  7  8  9 |
---------------+----------------------------+-----
Conjurations   | 2 3 4 5 6 7 8 |  8.0
Fire Magic     | 4 5 6 |  6.0
Fighting       | 2 4 5 |  5.7
Stealth        | 4 5 6 |  6.0
Evocations     | 2 3 4 |  4.0
Spellcasting   | 5 7 |  7.0
Summonings     | 3 |  3.0
Dodging        | 3 5 |  5.0
Shields        | 1 |  1.4

Action                   |  1- 3 |  4- 6 |  7- 9 || total
-------------------------+-------+-------+-------++-------
Melee: Falchion          |     9 |       |       ||     9
       Short sword       |     1 |       |       ||     1
       Dagger            |       |     1 |     2 ||     3
       Staff             |       |       |     2 ||     2
 Cast: Foxfire           |    69 |   104 |   210 ||   383
       Scorch            |     1 |     5 |    61 ||    67
       Call Imp          |       |       |     4 ||     4
       Inner Flame       |       |       |     4 ||     4
       Conjure Flame     |       |       |     1 ||     1
  Use: Scroll            |       |       |    14 ||    14
Armor: Robe              |     2 |     5 |     8 ||    15
Dodge: Dodged            |     7 |     9 |    51 ||    67
Block: Buckler           |       |       |     1 ||     1

Table legend: (Time is in decaauts)
 A = Elapsed time spent in this place.
 B = Non-inter-level travel time spent in this place.
 C = Inter-level travel time spent in this place.
 D = Time resting spent in this place.
 E = Time spent auto-exploring this place.
 F = Levels seen in this place.
 G = Mean time per level.
                   A        B        C        D        E       F      G
               +--------+--------+--------+--------+--------+-----+--------+
         Total |  11153 |  10544 |    609 |   3402 |   5172 |  10 | 1115.3 |
       Dungeon |  10563 |   9954 |    609 |   3271 |   4945 |   8 | 1320.4 |
        Temple |    182 |    182 |      0 |     43 |    123 |   1 |  182.0 |
       Ossuary |    407 |    407 |      0 |     88 |    104 |   1 |  407.0 |
               +--------+--------+--------+--------+--------+-----+--------+

Top non-repeatable levels by time:
     D:3: 1817 daAuts
     D:6: 1776 daAuts
     D:2: 1561 daAuts
     D:7: 1256 daAuts
     D:5: 1192 daAuts
     D:1: 1171 daAuts
     D:4: 1073 daAuts
     D:8: 715 daAuts
 Ossuary: 407 daAuts
  Temple: 182 daAuts
